AoeStats
← Aldo

Arabia

510464767Analyzed
2v2 RM · 13h ago on Oct 1, 2026· 51m 54s· 4 players
Game mode
Random Map
Map size
Medium (4 player)
Population
200
Speed
Normal
Resources
Standard
Victory
Conquest
Starting age
Dark Age
Ending age
Imperial Age
RankedLock teamsTeams togetherTeam positionsShared explorationLock speedFull tech treeHidden civsTurbo modeCheats
Victory
Defeat
🇲🇽 Bulgarians · Mexico
971
+16
🇲🇽 Teutons · Mexico
925
+17
🇺🇸 Saxons · United States
1004
-18
🇨🇳 Persians · China
931
-15
足下的土地
0:28 Loom
10:41 Feudal Age
11:02 Double-Bit Axe
16:27 Fletching
16:39 Horse Collar
19:13 Stone Mining
24:46 Castle Age
22:57 Padded Archer Armor
25:15 Crossbowman
28:58 Gold Mining
30:36 Bow Saw
36:29 Scale Barding Armor
36:35 Forging
38:21 Town Watch
TheSpicySicillian
10:14 Feudal Age
8:42 Loom
11:10 Double-Bit Axe
12:16 Horse Collar
15:46 Fletching
22:07 Castle Age
20:29 Padded Archer Armor
22:48 Bloodlines
22:50 Husbandry
22:38 Crossbowman
23:20 Bodkin Arrow
29:55 Town Watch
30:32 Heavy Plow
30:45 Bow Saw
31:03 Squires
31:58 Scale Mail Armor
33:18 Coinage
34:03 Wheelbarrow
34:20 Leather Archer Armor
34:50 Thumb Ring
36:16 Gold Mining
36:17 Stone Mining
37:00 Hand Cart
37:45 Ballistics
37:00 Pikeman
38:52 Husbandry
47:42 Imperial Age
46:14 Forging
46:13 Arson
46:44 Gambesons
48:50 Chain Mail Armor
49:24 Conscription
Aldo
11:31 Feudal Age
11:21 Loom
13:27 Forging
13:17 Scale Mail Armor
19:35 Castle Age
18:39 Bloodlines
19:33 Scale Barding Armor
24:02 Fletching
24:50 Iron Casting
24:41 Double-Bit Axe
28:31 Bodkin Arrow
33:38 Wheelbarrow
33:27 Chain Barding Armor
34:33 Town Watch
39:18 Husbandry
39:21 Gold Mining
44:52 Imperial Age
43:01 Fervor
43:05 Stone Mining
44:11 Chain Mail Armor
46:31 Conscription
47:01 Stirrups
48:14 Chemistry
49:48 Plate Barding Armor
50:15 Blast Furnace
49:47 Plate Mail Armor
fdiazlev
1:56 Loom
10:21 Feudal Age
11:39 Wheelbarrow
10:54 Double-Bit Axe
11:40 Man-at-Arms
15:02 Scale Mail Armor
18:05 Forging
20:08 Town Watch
22:35 Castle Age
21:57 Bloodlines
21:44 Fletching
22:31 Scale Barding Armor
30:01 Elite Skirmisher
31:29 Town Patrol
33:28 Bodkin Arrow
33:55 Chain Barding Armor
34:33 Bow Saw
35:22 Chain Mail Armor
41:02 Iron Casting
46:17 Imperial Age
43:11 Long Swordsman
44:47 Gold Mining
44:48 Stone Mining
45:24 Hand Cart
47:23 Conscription
Connection lost

Rejoining the realm…

Still unreachable

The connection could not be restored.

Session expired

The server has moved on; the page needs a fresh start.